 Dungeon Crawl Stone Soup version 0.21-a0-508-gf08a75f (webtiles) character file.

31274 slep the Spear-Bearer (level 13, -12/106 HPs)
             Began as a Demonspawn Fighter on Nov 29, 2017.
             Was the Champion of Okawaru.
             Mangled by a slime creature (13 damage)
             ... on level 12 of the Dungeon.
             The game lasted 01:27:54 (10840 turns).

slep the Spear-Bearer (Demonspawn Fighter)         Turns: 10840, Time: 01:27:54

Health: -12/106    AC: 18    Str: 27    XL:     13   Next: 25%
Magic:  12/12      EV: 16    Int: 16    God:    Okawaru [******]
Gold:   895        SH: 14    Dex: 24    Spells: 12/12 levels left

rFire    + + +     SeeInvis +   a - +9 trident "Sinlun" {pierce, *Slow rF++ Str+4}
rCold    + + .     Gourm    .   c - +0 shield
rNeg     . . .     Faith    .   q - +2 chain mail {rC+}
rPois    .         Spirit   .   v - +1 helmet
rElec    .         Reflect  .   O - scarf {rC+ rF+}
rCorr    .         Harm     .   W - +1 pair of gloves {archery}
MR       .....                  (boots unavailable)
Stlth    +.........             (no amulet)
HPRegen  0.27/turn              L - ring of see invisible
MPRegen  0.13/turn              K - +5 ring of intelligence

@: mighty, agile, about to teleport, slowed, very slow
A: talons 3, rugged brown scales 1, agile 2, clever 1, low mp 1, powered by pain
2, spiny 1, weak 1
a: Heroism, Finesse, Renounce Religion


You were on level 12 of the Dungeon.
You worshipped Okawaru.
Okawaru was exalted by your worship.
You were not hungry.

You visited 2 branches of the dungeon, and saw 14 of its levels.
You also visited: Sewer.

You collected 944 gold pieces.
You spent 49 gold pieces at shops.

Inventory:

Hand Weapons
 a - the +9 trident "Sinlun" (weapon) {pierce, *Slow rF++ Str+4}
   (You found it on level 5 of the Dungeon)

   It inflicts extra damage upon your enemies.
   It affects your strength (+4).
   It greatly protects you from fire.
   It may slow you when you take damage.
 b - a +0 blowgun
 X - a +1 demon trident of venom
Missiles
 u - 52 poisoned needles
Armour
 c - a +0 shield (worn)
 d - a +2 ring mail of poison resistance
 n - a +2 pair of boots
 q - a +2 chain mail of cold resistance (worn)
 v - a +1 helmet (worn)
 C - a +0 cloak
 M - a +0 centaur barding
 O - a scarf of resistance (worn)
 Q - a +0 pair of boots of running
 S - a +0 hat of see invisible
 W - a +1 pair of gloves of archery (worn)
Jewellery
 r - an uncursed ring of teleportation
 K - a +5 ring of intelligence (right hand)
 L - a ring of see invisible (left hand)
Wands
 z - a wand of iceblast (8)
 B - a wand of enslavement (18)
 D - a wand of flame (22)
 G - a wand of random effects (19)
 J - a wand of scattershot (4)
 R - a wand of acid (22)
Scrolls
 e - 2 scrolls of enchant weapon {unknown}
 g - 17 scrolls of identify
 h - 2 scrolls of random uselessness {unknown}
 k - 2 scrolls of blinking
 l - a scroll of teleportation
 m - 3 scrolls of fog
 o - 6 scrolls of amnesia
 p - 4 scrolls of remove curse
 I - a scroll of enchant armour
 N - 3 scrolls of magic mapping
Potions
 s - 4 potions of curing
 x - a potion of might
 A - a potion of flight
 E - 2 potions of magic
 F - a potion of lignification
 H - 2 potions of invisibility
Books
 y - a book of Battle

   Spells                             Type                      Level
   a - Infusion                       Charms                       1
   b - Shroud of Golubria             Charms/Translocation         2
   c - Song of Slaying                Charms                       2
   d - Spectral Weapon                Hexes/Charms                 3
   e - Regeneration                   Charms/Necromancy            3
Miscellaneous
 P - a lightning rod (2/4)
Comestibles
 f - 8 bread rations
 i - 4 fruits
 j - 11 meat rations
 w - 5 royal jellies


   Skills:
 + Level 10.0 Fighting
   Level 0.2 Short Blades
 + Level 12.9 Polearms
 + Level 3.5 Throwing
 + Level 8.6 Armour
 + Level 4.0 Dodging
 + Level 2.3 Stealth
 + Level 10.1 Shields
 + Level 0.5 Evocations


You had 12 spell levels left.
You didn't know any spells.

Dungeon Overview and Level Annotations

Branches:
Dungeon (13/15)            Temple (1/1) D:5            Lair (0/6) D:9
    Orc (0/2) D:12         Vaults (0/5) D:13

Altars:
Ashenzari
Cheibriados
Dithmenos
Elyvilon
Fedhas
Gozag
Hepliaklqana
Kikubaaqudgha
Makhleb
Nemelex Xobeh
Okawaru
Qazlal
Ru
Sif Muna
Trog
Uskayaw
Vehumet
Wu Jian
Xom
Yredelemnul
Zin
The Shining One

Shops:
D:6 }   D:7 *


Innate Abilities, Weirdness & Mutations

You have claws for feet.
You are partially covered in rugged brown scales. (AC +1, +3% HP)
You sometimes gain power by taking damage.
You are partially covered in sharp spines.
You are very agile. (Dex +4)
Your mind is acute. (Int +2)
Your magical capacity is low. (-10% MP)
You are weak. (Str -2)


Message History

Two slime creatures merge to form a large slime creature.
You block the slime creature's attack. The slime creature misses you.
The large slime creature hits you!!
* * * LOW HITPOINT WARNING * * *
You feel better. You block the slime creature's attack.
A large slime creature splits.
The slime creature is struck by your spines.
The slime creature hits you.
* * * LOW HITPOINT WARNING * * *
Okay, then.
As you read the scroll of teleportation, it crumbles to dust.
You feel strangely unstable.
The slime creature is struck by your spines.
The slime creature barely misses you.
The slime creature is struck by your spines.
The slime creature hits you!
* * * LOW HITPOINT WARNING * * *
The slime creature hits you!
You die...

...........#.....................
...........#.....................
...........#.....................
..........>#.....................
...........##....................
............#....................
............#.........##'###.....
(...........#.........#....#.....
######......#..J@.....##...#...##
#......#..JJ......#...#...#
#......#...######.#...#...#
#......#...#....#.#...##.##
#......#...'....#.#....#.#
#......#...#....#.#....#.#
######......#...#....#.#....#.#
............#...#....#.#....#.#
............#...#....#.#....#.#


You could see 3 slime creatures.

Vanquished Creatures
  Rupert (D:13)
  Nessos (D:13)
  A hydra (D:12)
  7 two-headed ogres
  Urug (D:12)
  3 skeletal warriors (D:13)
  An orc knight (D:13)
  A wolf spider zombie (D:13)
  A manticore (D:12)
  2 cyclopes
  Psyche (D:9)
  4 kobold demonologists
  4 trolls
  6 slime creatures
  Prince Ribbit (D:6)
  6 hippogriffs
  Sigmund (D:2)
  A vampire (D:13)
  A wraith (D:11)
  A shadow (D:11)
  16 yaks
  16 humans
  2 hungry ghosts
  A warg (D:12)
  A swamp worm (shapeshifter) (D:13)
  A water moccasin (D:10)
  8 orc warriors
  2 ice beasts
  4 sky beasts
  2 necrophages
  2 phantoms
  A black bear (D:7)
  An eye of draining (D:9)
  4 centaurs
  5 ogres
  A crocodile (D:8)
  2 big kobolds
  6 bullfrogs
  9 scorpions
  18 killer bees
  3 wights (D:6)
  2 howler monkeys (D:13)
  2 bullfrog zombies (D:13)
  6 centaur zombies
  12 crimson imps
  A quasit (D:8)
  2 jellies
  2 bullfrog skeletons
  9 orc priests
  7 hounds
  14 orc wizards
  2 centaur skeletons
  Jessica (D:2)
  Terence (D:2)
  2 iguanas
  10 worker ants
  A killer bee zombie (D:6)
  2 hound skeletons
  Robin (D:4)
  2 worker ant zombies
  3 gnolls (D:9)
  18 adders
  9 shadow imps
  2 adder zombies
  3 worms (D:2)
  2 dart slugs
  4 leopard geckos
  51 orcs
  5 giant cockroaches
  14 goblins
  6 hobgoblins
  20 jackals
  24 kobolds
  6 quokkas
  4 ball pythons
  A bat (D:1)
  6 frilled lizards
  A jackal skeleton (D:6)
  A jackal zombie (D:5)
  A leopard gecko skeleton (D:4)
  A quokka skeleton (D:5)
  3 rats
  A plant (Sewer)
415 creatures vanquished.

Vanquished Creatures (others)
  A withered plant (D:13)
1 creature vanquished.

Grand Total: 416 creatures vanquished

Notes
Turn   | Place    | Note
-------+----------+-------------------------------------------
     0 | D:1      | slep the Demonspawn Fighter began the quest for the Orb.
     0 | D:1      | Reached XP level 1. HP: 18/18 MP: 1/1
   210 | D:1      | Gained mutation: You have sharp toenails. [demonic ancestry]
   210 | D:1      | Reached XP level 2. HP: 2/24 MP: 2/2
   717 | D:2      | Noticed Jessica
   725 | D:2      | Killed Jessica
   725 | D:2      | Reached skill level 2 in Polearms
   725 | D:2      | Reached XP level 3. HP: 23/29 MP: 3/3
   876 | D:2      | Found a blossoming altar of Fedhas.
   876 | D:2      | Found a radiant altar of Vehumet.
   898 | D:2      | Noticed Sigmund
   919 | D:2      | Killed Sigmund
   919 | D:2      | Reached skill level 3 in Polearms
   919 | D:2      | Reached XP level 4. HP: 8/37 MP: 4/4
   919 | D:2      | Gained mutation: You are partially covered in sharp spines. [demonic ancestry]
   919 | D:2      | Reached XP level 5. HP: 9/42 MP: 5/5
  1090 | D:2      | Noticed Terence
  1114 | D:2      | Killed Terence
  1114 | D:2      | Reached skill level 1 in Dodging
  1241 | D:2      | Found a shattered altar of Ashenzari.
  1331 | D:2      | Reached XP level 6. HP: 38/48 MP: 6/6
  1350 | D:2      | Found a basalt altar of Yredelemnul.
  1926 | D:3      | Found a deep blue altar of Sif Muna.
  1926 | D:3      | Found a stormy altar of Qazlal.
  1932 | D:3      | Found a faded altar of an unknown god.
  1934 | D:3      | Found a faded altar of an unknown god.
  1935 | D:3      | Found a burning altar of Makhleb.
  2041 | D:4      | Noticed Robin
  2065 | D:4      | Killed Robin
  2389 | D:4      | You fall through a shaft for 2 floors!
  2449 | D:6      | Reached skill level 4 in Polearms
  2460 | D:6      | Noticed Prince Ribbit
  2477 | D:6      | Killed Prince Ribbit
  2477 | D:6      | Gained mutation: You sometimes gain a little power by taking damage. [demonic ancestry]
  2477 | D:6      | Reached XP level 7. HP: 49/54 MP: 7/7
  2524 | D:6      | Found a sparkling altar of Nemelex Xobeh.
  2548 | D:6      | Found a glowing drain.
  2570 | D:6      | Reached skill level 5 in Polearms
  2583 | Sewer    | Entered a sewer
  2769 | Sewer    | Reached skill level 5 in Shields
  3138 | D:6      | Found Duakan's Gadget Shop.
  3159 | D:6      | Reached XP level 8. HP: 40/60 MP: 8/8
  3163 | D:6      | Reached skill level 5 in Armour
  3649 | D:5      | Entered Level 5 of the Dungeon
  3741 | D:5      | Reached skill level 6 in Polearms
  3988 | D:5      | Got a faintly glowing trident
  3989 | D:5      | Identified the +9 trident "Sinlun" {pierce, *Slow rF++ Str+4} (You found it on level 5 of the Dungeon)
  4038 | D:5      | Found a staircase to the Ecumenical Temple.
  4049 | Temple   | Entered the Ecumenical Temple
  4109 | Temple   | Became a worshipper of Warmaster Okawaru
  4328 | D:5      | Gained mutation: You are partially covered in rugged brown scales. (AC +1, +3% HP) [demonic ancestry]
  4328 | D:5      | Reached XP level 9. HP: 61/67 MP: 9/9
  4361 | D:5      | Noticed a troll
  4375 | D:5      | Killed a troll
  4375 | D:5      | Reached * piety under Okawaru
  4375 | D:5      | Reached skill level 5 in Fighting
  4579 | D:7      | Reached skill level 7 in Polearms
  4641 | D:7      | Found Hesit's General Store.
  4664 | D:7      | Bought a scroll of magic mapping for 49 gold pieces
  4674 | D:7      | Noticed a kobold demonologist
  4688 | D:7      | Found a transporter.
  4719 | D:7      | Reached ** piety under Okawaru
  4743 | D:7      | Found a transporter.
  4779 | D:7      | Noticed a kobold demonologist
  4803 | D:7      | Reached skill level 8 in Polearms
  5066 | D:7      | Gained mutation: You sometimes gain power by taking damage. [demonic ancestry]
  5066 | D:7      | Reached XP level 10. HP: 78/78 MP: 10/10
  5297 | D:7      | Reached *** piety under Okawaru
  5304 | D:7      | Noticed a rust devil
  5416 | D:8      | Gained mutation: You are agile. (Dex +2) [mutagenic meat]
  5417 | D:8      | Gained mutation: Your magical capacity is low. (-10% MP) [mutagenic meat]
  5419 | D:8      | Gained mutation: You passively map a small area around you. [mutagenic meat]
  5420 | D:8      | Gained mutation: You are very agile. (Dex +4) [mutagenic meat]
  5485 | D:8      | Found a shadowy altar of Dithmenos.
  5486 | D:8      | Found a white marble altar of Elyvilon.
  5488 | D:8      | Found a hide-covered altar of Uskayaw.
  5493 | D:8      | Found a glowing silver altar of Zin.
  5570 | D:8      | Noticed a two-headed ogre
  5576 | D:8      | Noticed a two-headed ogre
  5581 | D:8      | Killed a two-headed ogre
  5581 | D:8      | Reached **** piety under Okawaru
  5581 | D:8      | Reached skill level 9 in Polearms
  5585 | D:8      | Killed a two-headed ogre
  5585 | D:8      | Reached skill level 1 in Throwing
  5641 | D:8      | Found a sacrificial altar of Ru.
  5715 | D:8      | Reached ***** piety under Okawaru
  6082 | D:9      | Found a staircase to the Lair.
  6237 | D:9      | Noticed a two-headed ogre
  6244 | D:9      | Killed a two-headed ogre
  6244 | D:9      | Gained mutation: You have razor-sharp toenails. [demonic ancestry]
  6244 | D:9      | Reached XP level 11. HP: 86/86 MP: 10/10
  6340 | D:9      | Noticed a two-headed ogre
  6351 | D:9      | Killed a two-headed ogre
  6351 | D:9      | Received a gift from Okawaru
  6351 | D:9      | Reached skill level 1 in Stealth
  6386 | D:9      | Found a sparkling altar of Nemelex Xobeh.
  6390 | D:9      | Reached skill level 10 in Polearms
  6557 | D:9      | Noticed Psyche
  6562 | D:9      | Killed Psyche
  6660 | D:10     | Entered Level 10 of the Dungeon
  6729 | D:10     | Gained mutation: Scrolls take you a little longer to read. [mutagenic meat]
  6730 | D:10     | Lost mutation: Scrolls take you a little longer to read. [mutagenic meat]
  6731 | D:10     | Lost mutation: You passively map a small area around you. [mutagenic meat]
  6732 | D:10     | Gained mutation: Your mind is acute. (Int +2) [mutagenic meat]
  6884 | D:10     | Received a gift from Okawaru
  7445 | D:11     | Noticed a two-headed ogre
  7456 | D:11     | Killed a two-headed ogre
  7493 | D:11     | Reached ****** piety under Okawaru
  7725 | D:11     | Found a blossoming altar of Fedhas.
  7758 | D:11     | Reached skill level 11 in Polearms
  8038 | D:11     | Noticed a two-headed ogre
  8043 | D:11     | Killed a two-headed ogre
  8274 | D:12     | Noticed a two-headed ogre
  8281 | D:12     | Killed a two-headed ogre
  8281 | D:12     | Reached XP level 12. HP: 95/95 MP: 11/11
  8363 | D:12     | Found a staircase to the Orcish Mines.
  8374 | D:12     | Noticed a four-headed hydra
  8391 | D:12     | Killed a four-headed hydra
  8458 | D:12     | Noticed Urug
  8484 | D:12     | Killed Urug
  8484 | D:12     | Received a gift from Okawaru
  8671 | D:12     | Got an ancient short sword
  8672 | D:12     | Identified the cursed +0 short sword "Demonbane" {flame, rF+ Dex+4} (You found it on level 12 of the Dungeon)
  9049 | D:12     | Identified a +0 pair of boots of running (You found it on level 12 of the Dungeon)
  9195 | D:13     | Found a gate to the Vaults.
  9195 | D:13     | Noticed Rupert
  9195 | D:13     | Noticed Nessos
  9460 | D:12     | Reached skill level 12 in Polearms
  9528 | D:13     | Paralysed by Rupert for 5 turns
  9872 | D:13     | Killed Rupert
  9910 | D:13     | HP: 7/147 [Nessos/arrow (20)]
  9911 | D:13     | HP: 3/147 [Nessos/arrow (2)]
  9922 | D:13     | Killed Nessos
  9957 | D:13     | Reached skill level 10 in Shields
  9960 | D:13     | Gained mutation: You are weak. (Str -2) [mutagenic meat]
  9988 | D:13     | Gained mutation: You have claws for feet. [demonic ancestry]
  9988 | D:13     | Reached XP level 13. HP: 17/104 MP: 12/12
 10399 | D:13     | Received a gift from Okawaru
 10678 | D:13     | Reached skill level 10 in Fighting
 10840 | D:12     | HP: 1/106 [slime creature (13)]
 10840 | D:12     | Mangled by a slime creature

Vault maps used:
D:1:      dpeg_arrival_castle, minmay_misc_feat_roman
D:2:      lemuel_coloured_pillars_altar,
          chequers_temple_overflow_statue_of_worship, first_bread,
          kennysheep_cluttered_room, ashenzari_altar_1, uniq_jessica,
          uniq_sigmund, uniq_terence
D:3:      chequers_temple_overflow_minitemple, small_statue_intersection
D:4:      uniq_robin
D:5:      minmay_temple_entry_statues, minmay_divided_ellipse
D:6:      kennysheep_mini_moat, serial_corexii_hall, corexii_hall_statues_s,
          corexii_hall_statues_deadend, serial_shops, shop_fountains,
          gup_sewer_entry_glass, uniq_prince_ribbit1
D:7:      gammafunk_wand_slinger, serial_shops, shop, minmay_misc_feat_room
D:8:      kennysheep_little_box, grunt_temple_overflow_open
D:9:      lair_entry_dummy, basic_altar, minmay_variable_closet, uniq_psyche
D:11:     basic_altar
D:12:     david_orc_3, lab_entry_generic, uniq_urug
D:13:     minmay_connected_boxes_in_corner, david_vaults_3, serial_undead,
          serial_undead_f, serial_undead_b, serial_undead_b, serial_undead_a,
          serial_undead_a, serial_undead_e
Temple:   compressed_dpeg_circular_temple
Sewer:    sewer_co_scattered_pipes

Skill      XL: |  1  2  3  4  5  6  7  8  9 10 11 12 13 |
---------------+----------------------------------------+-----
Armour         | 3 4 5 6 7 8 |  8.6
Polearms       | 2 3 4 5 6 8 9 11 12 | 12.9
Shields        | 3 4 5 6 7 8 9 10 | 10.1
Dodging        | 1 2 3 4 |  4.0
Fighting       | 4 6 7 8 9 10 | 10.0
Throwing       | 1 3 |  3.5
Stealth        | 1 2 |  2.3
Short Blades   | |  0.2
Evocations     | |  0.5

Action                   |  1- 3 |  4- 6 |  7- 9 | 10-12 | 13-15 || total
-------------------------+-------+-------+-------+-------+-------++-------
Melee: Trident           |    69 |   163 |   393 |   596 |   101 ||  1322
       Kick              |     4 |       |       |       |    48 ||    52
       Short sword       |       |       |       |    39 |       ||    39
 Fire: Blowgun           |       |       |     2 |    35 |       ||    37
Throw: Tomahawk          |       |       |       |     5 |       ||     5
Evoke: Wand              |       |     1 |     1 |     1 |     4 ||     7
       Lightning rod     |       |       |       |       |     2 ||     2
  Use: Potion            |     1 |       |       |    13 |     2 ||    16
       Scroll            |       |       |       |    17 |     1 ||    18
  Eat: Chunk             |       |     5 |    10 |    28 |     2 ||    45
Armor: Scale mail        |    47 |    13 |       |       |       ||    60
       Chain mail        |       |    46 |   159 |   155 |    21 ||   381
       Ring mail         |       |       |       |     5 |       ||     5
       Skin              |       |       |       |    16 |       ||    16
Dodge: Dodged            |    23 |    33 |    85 |   138 |    26 ||   305
Block: Shield            |    39 |    88 |   175 |   307 |    38 ||   647

Table legend:
 A = Spawn XP
 B = Non-spawn XP
 C = Spawn XP percentage of total XP
 D = Spawn monster count
 E = Non-spawn monster count
 F = Spawn count percentage of total count
 G = Total turns spent on level
                    A         B        C        D         E        F      G
               +---------+---------+-------+---------+---------+-------+---------
         Total |       0 |   44678 |   0.0 |       0 |     414 |   0.0 | 10840
               +---------+---------+-------+---------+---------+-------+---------
           D:1 |       0 |      18 |   0.0 |       0 |      10 |   0.0 |   649
           D:2 |       0 |     369 |   0.0 |       0 |      16 |   0.0 |   785
           D:3 |       0 |      53 |   0.0 |       0 |      21 |   0.0 |   565
           D:4 |       0 |      93 |   0.0 |       0 |      16 |   0.0 |   413
           D:5 |       0 |    1351 |   0.0 |       0 |      35 |   0.0 |   671
           D:6 |       0 |    1413 |   0.0 |       0 |      30 |   0.0 |  1017
           D:7 |       0 |    3342 |   0.0 |       0 |      39 |   0.0 |   836
           D:8 |       0 |    3052 |   0.0 |       0 |      26 |   0.0 |   668
           D:9 |       0 |    3015 |   0.0 |       0 |      27 |   0.0 |   583
          D:10 |       0 |    1548 |   0.0 |       0 |      21 |   0.0 |   710
          D:11 |       0 |    6813 |   0.0 |       0 |      56 |   0.0 |   904
          D:12 |       0 |    7471 |   0.0 |       0 |      43 |   0.0 |  1802
          D:13 |       0 |   16085 |   0.0 |       0 |      53 |   0.0 |   764
         Sewer |       0 |      55 |   0.0 |       0 |      21 |   0.0 |   388
               +---------+---------+-------+---------+---------+-------+---------
